[Event "85th Tata Steel Masters 2023"]
[White "Giri,Anish"]
[Black "Carlsen,Magnus"]
[Site "Wijk aan Zee"]
[Round "4.1"]
[Annotator "TA"]
[Result "1-0"]
[Date "2023.01.17"]
[WhiteElo "2764"]
[BlackElo "2859"]
[PlyCount "69"]
[TimeControl "60"]

1. d4 Nf6 2. c4 e6 3. Nf3 b6 4. g3 Ba6 5. Qc2 Bb7 6. Bg2 c5 7. d5 {[%emt 0:0:34] E15: Queen's Indian: 4 g3 sidelines, 4 g3 Ba6 and 4 g3 Bb7 early deviations.} exd5 8. cxd5 Nxd5 9. O-O {[%emt 0:0:34] The position is equal.} Be7 {[%emt 0:0:10] Against Ng5} 10. Rd1 Nc6 11. Qf5 (11. Rxd5 $2 Nb4 12. Qc3 Nxd5 $17 )Nf6 12. e4 d6 13. e5 Qd7 $1 14. Qxd7+ {[%emt 0:10:16][%mdl 64] [#] Remove Defender} (14. Qg5 h6 15. Qxg7 Rh7 16. exf6 Rxg7 17. fxg7 O-O-O $17 )Nxd7 15. exd6 Bf6 16. Re1+ Kf8 17. Nc3 $36 {[%emt 0:1:7][%mdl 2048] Black is under pressure.} Nb4 {[%emt 0:8:16] Hoping for ...Nc2.} 18. Ne5 {[%emt 0:3:25][%mdl 64] Discovered Attack} Nxe5 19. Bxb7 Rd8 {[%emt 0:0:33] ...Nc2 would be deadly.} 20. Rd1 $1 Nc4 21. d7 {[%emt 0:2:38] [#]} Nc2 $146 (21... Ke7 {feels hotter.} 22. Bc8 Nc2 23. Rb1 Nd6 )({Predecessor:} 21... Ke7 22. Bc8 Nc2 23. Rb1 Nd6 24. Nd5+ Ke6 25. Nxf6 gxf6 26. Ba6 Rxd7 27. Bf4 Ke7 {½-½ Verhaeren,G (2310)-Jørgensen,P (2300) WS MN/144 email 2016} )22. Rb1 Nd4 {[%emt 0:0:19] [#]} (22... Ne5 $11 )23. b4 $1 $16 Rxd7 $2 (23... h5 $16 )24. Bd5 $18 {[%emt 0:1:3] Threatens to win with bxc5.} Nd6 25. bxc5 bxc5 26. Ba3 Ke7 27. Bxc5 Ne6 28. Bb4 {[%emt 0:9:31] This pair of bishops is nice. Black is weak on the light squares} ({White should play} 28. Ne4 $18 Nxc5 29. Nxc5 )a5 29. Bxa5 {[%emt 0:2:16] Bf3 is the strong threat.} Rc8 30. Na4 Nc4 31. Rbc1 Be5 $2 (31... Kf8 {was necessary.} 32. Rd3 (32. Bxc4 Rxd1+ 33. Rxd1 Rxc4 $16 )Ra7 )32. Bb4+ (32. Bxc4 Rxd1+ 33. Rxd1 Rxc4 $16 )Kf6 33. Nc5 ({Not} 33. Rxc4 Rxd5 34. Rdc1 (34. Rxc8 Rxd1+ 35. Kg2 Ra1 $16 )(34. Rxd5 Rxc4 35. Nb6 Rxb4 $14 )Rxc4 35. Rxc4 g5 $16 )Nxc5 34. Rxc4 Rdc7 35. Ba5 {[%emt 0:1:38] Weighted Error Value: White=0.07 (flawless) /Black=0.27 (precise)} 1-0

[Event "85th Tata Steel Masters 2023"]
[White "Ding,Liren"]
[Black "Praggnanandhaa R"]
[Site "Wijk aan Zee"]
[Round "4.2"]
[Annotator "TA"]
[Result "0-1"]
[Date "2023.01.17"]
[WhiteElo "2811"]
[BlackElo "2684"]
[PlyCount "146"]
[TimeControl "60"]

1. e4 e5 2. Nf3 Nc6 3. Bc4 Bc5 4. O-O Nf6 5. d3 d6 6. c3 a6 7. Re1 {[%emt 0:0:22] C54: Giuoco Piano: 4 c3 Nf6, main lines with 5 d4 and 5 d3.} Ba7 8. a4 O-O 9. h3 {[%emt 0:0:15] White has an edge.} Be6 10. Bxe6 (10. Nbd2 {with more complications.} Nh5 11. b4 Qf6 12. Bxe6 fxe6 13. Nf1 )fxe6 11. Be3 Bxe3 {[%emt 0:1:11] [#]} 12. fxe3 $146 ({Predecessor:} 12. Rxe3 d5 13. Nbd2 d4 14. Re1 dxc3 15. bxc3 Qxd3 16. Qb3 Qd6 17. Rad1 Rab8 18. Nc4 {0-1 Niemann,H (2642)-Caruana,F (2781) Bundesliga 2122 2022 (12.7)} )a5 13. Nbd2 Qd7 14. Qb3 b6 15. Rad1 Kh8 16. Qb5 Nd8 17. Qxd7 Nxd7 18. d4 {[%emt 0:0:2] Repels Nc5} Nf7 19. Kf2 Ng5 20. Ke2 Nxf3 21. Nxf3 Nf6 22. Nd2 Kg8 23. Rf1 Rfe8 24. Rf3 Rad8 25. g4 d5 26. Rff1 exd4 27. cxd4 dxe4 28. g5 Nd5 29. Nxe4 e5 30. Rf5 $1 Nb4 ({Much worse is} 30... exd4 $6 31. Rxd4 c6 32. Kf2 $15 )31. dxe5 Rxd1 32. Kxd1 $11 {[%emt 0:0:1][%mdl 4096] Endgame KRN-KRN} Nd3 33. Kc2 Nxe5 34. Nd2 {[%emt 0:5:47] Prevents Nc4.} Re6 35. Rf4 (35. Kc3 $11 )Rc6+ $17 36. Kb1 Nd3 37. Rd4 Rc1+ 38. Ka2 Nb4+ 39. Kb3 Kf7 ({Better is} 39... Na6 $1 $17 )40. Nc4 (40. Rc4 $1 $11 {keeps the balance.} Rxc4 41. Kxc4 )Kg6 41. h4 Kh5 42. Ne5 Re1 43. Re4 Rh1 44. Nd7 Rxh4 45. Re7 Kxg5 46. Rxg7+ Kh6 (46... Kf5 $17 {Strongly threatening ...Nd5.} 47. Rf7+ Ke4 48. Re7+ Kf5 49. Rf7+ Ke4 50. Re7+ Kf3 51. Ne5+ {[%mdl 64] Discovered Attack} Kxe3 52. Rxc7 Na6 53. Rc3+ Ke2 )47. Re7 $1 $15 Kg5 (47... Na6 $17 48. e4 Kg5 )48. Nf8 $2 (48. Rg7+ $1 $11 {and White stays safe.} Kf5 49. Rf7+ Kg5 50. Rg7+ )h5 $19 49. Rg7+ Kf5 {[%emt 0:1:3] Hoping for ...Re4.} 50. Rf7+ Ke4 51. Rxc7 (51. Ng6 $17 Rh3 52. Re7+ Kf3 53. Nf4 )Kxe3 52. Ng6 Rd4 (52... Re4 $19 {has better winning chances. White must now prevent ...Rg4.} 53. Rh7 Kd4 54. Rd7+ Nd5 )53. Rh7 $17 Rd3+ 54. Kc4 Rd5 $1 55. Re7+ Kf2 56. Rb7 Rd6 57. Nf4 h4 58. Rg7 (58. Rh7 $142 )Kf3 $19 59. Nh3 Nc6 60. Ng5+ Kf4 61. Nh3+ Kf3 {[%emt 0:0:0][%cal Yd6g6] ...Rg6! is the strong threat.} 62. Ng5+ {[%emt 0:0:0] [#]} Ke3 $1 63. Nh3 (63. Kb5 {only move.} )Nd4 {[%emt 0:0:0] ( -> ...Rc6+)} 64. Rg4 Rc6+ 65. Kd5 {[%emt 0:0:0] Threatens to win with Re4+.} Rc5+ 66. Kd6 Nf5+ 67. Kd7 {[%emt 0:0:0] [#]} Kf3 $1 68. Rg6 Rd5+ 69. Ke6 (69. Kc7 $142 )Ne3 {[%emt 0:0:0] Black has a decisive advantage.} 70. Ng1+ Ke4 71. Nh3 Rd4 72. b3 Rb4 73. Rf6 Kd3 {[%emt 0:0:44] Weighted Error Value: White=0.22 (precise) /Black=0.12 (very precise)} ({Inferior is} 73... Rxb3 74. Rf4+ Kd3 75. Rxh4 $17 )0-1

[Event "85th Tata Steel Masters 2023"]
[White "Rapport,Richard"]
[Black "Caruana,Fabiano"]
[Site "Wijk aan Zee"]
[Round "4.3"]
[Annotator "TA"]
[Result "1/2-1/2"]
[Date "2023.01.17"]
[WhiteElo "2740"]
[BlackElo "2766"]
[PlyCount "71"]
[TimeControl "60"]

1. c4 e6 2. Nc3 d5 3. d4 Nf6 4. cxd5 exd5 5. Bg5 Bb4 6. e3 h6 7. Bh4 g5 {[%emt 0:0:9] D35: Queen's Gambit Declined: Exchange Variation.} 8. Bg3 h5 9. h4 {[%emt 0:5:59] Hoping for Qb3.} Ne4 {[%emt 0:0:20] White is slightly better.} 10. Nge2 Bg4 {[%emt 0:0:25] Threatens to win with ...Nxc3.} 11. Qb3 Nxg3 12. Nxg3 Nc6 13. Bb5 Bxc3+ 14. Qxc3 Rh6 15. hxg5 (15. f3 $14 gxh4 16. fxg4 hxg3 17. Rxh5 (17. gxh5 a6 $14 ))Qxg5 $11 16. Qc5 (16. Be2 $11 )a6 ({Black should play} 16... h4 $1 $15 17. Ne4 {[%mdl 64] Pin} Qf5 )17. Be2 $1 ({Not} 17. Ne4 $2 Qd8 18. Bd3 (18. Bxc6+ $2 Rxc6 19. Qb4 dxe4 $19 )Bf5 $19 )O-O-O $1 18. Bxg4+ Qxg4 19. Qc2 {[%emt 0:0:40] [#]} Ne7 $146 {[%emt 0:4:1] Dodges Qf5+} ({Predecessor:} 19... Nb4 20. Qd2 Rb6 21. Rxh5 Qg6 22. Rf5 Qc6 23. Kf1 Nc2 24. Rb1 Na3 25. Rc1 Qb5+ {0-1 Tsvetkov,A (2398)-Nesterov,A (2567) The Game has begun U20 2022 (6)} )20. Qe2 {[%emt 0:2:24] Qxg4+ is the strong threat.} Rdh8 21. Qxg4+ hxg4 22. Rxh6 Rxh6 {[%emt 0:0:4][%mdl 4096] Endgame KRN-KRN} 23. Rc1 Kd7 24. Rc3 Nc8 25. e4 dxe4 26. Nxe4 b6 {[%emt 0:0:19] Wards off Nc5+} (26... Re6 $5 27. Re3 $8 b6 $11 )27. Ng3 Nd6 28. f3 Rh4 29. Ne2 {[%emt 0:6:40] [#]} (29. f4 $15 )Rh1+ $1 $17 30. Kf2 {[%emt 0:1:24] [#]} gxf3 $1 31. gxf3 Rd1 32. Ke3 {[%emt 0:2:1] Repels Rd2} Nf5+ 33. Ke4 Nd6+ 34. Ke3 $1 Nf5+ (34... Ra1 $5 35. Nc1 Nf5+ 36. Ke4 Ne7 $15 )35. Ke4 Nd6+ 36. Ke3 $1 {[%emt 0:0:3] Weighted Error Value: White=0.11 (very precise) /Black=0.13 (very precise)} 1/2-1/2

[Event "85th Tata Steel Masters 2023"]
[White "Abdusattorov,Nodirbek"]
[Black "Maghsoodloo,Parham"]
[Site "Wijk aan Zee"]
[Round "4.4"]
[Annotator "TA"]
[Result "1-0"]
[Date "2023.01.17"]
[WhiteElo "2713"]
[BlackElo "2719"]
[PlyCount "127"]
[TimeControl "60"]

1. e4 e5 2. Nf3 Nc6 3. Bb5 a6 4. Ba4 Nf6 5. O-O Be7 6. d3 d6 7. c3 O-O 8. Re1 {[%emt 0:0:29] The main line 8.Re1 scores better than 8.Nbd2.} b5 9. Bc2 Re8 10. Nbd2 {[%emt 0:1:45][%cal Yb1d2,Yd2f1,Yf1g3,Yg3e4][%mdl 32] C84: Closed Ruy Lopez: Unusual White 6th moves.} Bf8 11. Nf1 g6 12. h3 {[%emt 0:7:0] White is slightly better.} Bg7 13. Ng3 d5 (13... Bb7 $14 )14. d4 $16 dxe4 15. Nxe4 {[%emt 0:6:41] [#]} exd4 $146 ({Predecessor:} 15... Nxe4 16. Bxe4 Bb7 17. Bg5 Qc8 18. Bxc6 Bxc6 19. Nxe5 Bd5 20. Ng4 Qf5 21. Bh6 Qh5 22. Bxg7 Kxg7 {1-0 Chen,Q (2328)-Godbole,A (2100) Ho Chi Minh City HD Bank op 7th 2017 (4)} )16. Bg5 (16. Nxd4 $6 Nxd4 17. cxd4 Nxe4 18. Bxe4 Rb8 $11 )Be6 (16... Bd7 $16 {keeps fighting.} )17. Bb3 $2 (17. Nxd4 Nxd4 18. cxd4 h6 $11 )(17. cxd4 $18 {[%cal Yd4d5] Threatens to win with d5!} Nb4 18. Bb3 )h6 $11 18. Bxe6 Rxe6 (18... hxg5 19. Bxf7+ Kxf7 20. Nexg5+ Kf8 21. Rxe8+ (21. Qb3 Qd7 $14 )(21. Ne6+ Rxe6 22. Rxe6 dxc3 $14 )Qxe8 22. Qb3 $11 )19. Nxf6+ Bxf6 20. Rxe6 fxe6 21. Qe2 hxg5 22. Qxe6+ Kh7 23. Qxc6 dxc3 24. bxc3 b4 (24... Rb8 $1 $11 {remains equal.} )25. Re1 $16 bxc3 26. Re6 {[%emt 0:0:5] White has more active pieces.} Kg7 27. Ne5 (27. Qe4 $16 {Ne5 would be deadly.} Qd7 28. Rxf6 (28. Nxg5 Rb8 $11 )Kxf6 29. Qxa8 Qd1+ 30. Kh2 )Qd1+ 28. Kh2 Bxe5+ 29. Rxe5 $14 {[%emt 0:0:6][%mdl 4096] Endgame KQR-KQR} Qd6 30. Qxc3 Re8 {[%emt 0:1:49] [#]} 31. f4 {[%emt 0:1:35] Intending Re7+ and mate.} Kf8 {[%emt 0:2:5] Against Re7} 32. Rxg5 Qxf4+ 33. Rg3 {[%emt 0:0:5] Strongly threatening Kg1.} (33. Qg3 {simplifies} Qxg3+ 34. Kxg3 Kg7 35. Kf3 )Re6 34. Kg1 Kg8 (34... Rf6 $2 35. Rf3 $18 )(34... Qd6 {simplifies} 35. Rd3 Qe5 36. Qxe5 Rxe5 37. Ra3 a5 )35. Rd3 c5 36. Rd8+ (36. Qxc5 $2 Re1# )Kf7 37. Rd7+ (37. Qxc5 $2 Re1# )Ke8 38. Rd5 Qh4 {[%emt 0:3:14] Against Qh8+} (38... Re2 $2 39. Qh8+ Ke7 40. Qg7+ (40. Rxc5 $2 Re1# )Ke6 41. Qd7+ (41. Rxc5 $2 Re1# )Kf6 42. Rd6+ $18 (42. Qd6+ Qxd6 43. Rxd6+ Ke5 $11 )(42. Qd6+ Qxd6 43. Rxd6+ Ke5 $11 ))39. Rd1 {[%emt 0:1:33] Inhibits Re1+.} (39. Qxc5 Re1+ 40. Kh2 Qf4+ 41. g3 Re2+ 42. Kh1 Qf3+ 43. Kg1 Qg2# )(39. Re5 {simplifies} Rxe5 40. Qxe5+ Kf7 41. Qxc5 Qe4 42. Qc7+ )c4 40. Rf1 $1 {[%emt 0:0:11] Hoping for Kh1.} Kd7 41. Qb4 Qd4+ 42. Kh1 Qd5 43. Qf8 (43. Rf7+ Kc6 44. Qb7+ Kc5 45. Rc7+ Rc6 $11 )({Better is} 43. Qb2 $1 $16 )Re7 $2 (43... Re2 $1 $11 {and Black is okay.} 44. Qg7+ Kd6 45. Qxg6+ (45. Rf6+ Re6 $16 )Kc5 )44. Qf6 $2 (44. Qf2 $1 $18 )Rh7 (44... g5 $1 $14 )45. Rf4 $1 $16 {[%emt 0:0:0][%cal Yf4d4] Black must now prevent Rd4!} (45. Qxg6 Rxh3+ 46. Kg1 Qd4+ 47. Rf2 Qd1+ 48. Rf1 Rh1+ 49. Kxh1 Qxf1+ 50. Kh2 Qd3 51. Qg4+ Kc7 $19 )Kc7 {[%emt 0:5:12] [#]} (45... Rxh3+ $2 46. Kg1 Rd3 47. Qg7+ (47. Qxa6 Rd1+ 48. Kf2 Rd2+ {[%mdl 64] Skewer} 49. Ke1 Rxa2 $15 )(47. Qxg6 Qc5+ 48. Kh2 Qe5 $16 )Kd6 48. Qxg6+ (48. Rf6+ Kc5 $17 )Ke7 49. Qg7+ (49. Qxa6 Rd1+ 50. Kf2 Rd2+ 51. Ke1 Rd1+ 52. Kf2 Qd2+ 53. Kg3 Qc3+ 54. Kh2 Rh1+ {[%mdl 64] Decoy} 55. Kxh1 Qc1+ $11 )Kd6 50. Rf6+ Ke5 51. Rf7+ Kd6 52. Rd7+ Kc5 53. Rxd5+ $18 )46. Rd4 (46. Qxg6 $2 Rxh3+ 47. Kg1 Qd1+ 48. Kf2 Qd2+ 49. Kg1 Qd1+ 50. Kf2 Qd2+ 51. Kg1 Qd1+ $19 )({White should try} 46. Kh2 $1 $16 g5 47. Qd4 Qxd4 48. Rxd4 )Rf7 $1 $14 47. Qh8 $36 {[%emt 0:0:0][%mdl 2048] Black is under pressure. Dancing on a razor blade.} (47. Qxg6 $2 {loses.} Rf1+ 48. Kh2 Qxd4 $19 )Qb5 {[%emt 0:8:38] Black is on the road to losing.} (47... Rf8 48. Rxd5 Rxh8 49. Rc5+ Kd7 50. Rxc4 $16 )(47... Qe6 $14 )48. a4 Qc5 {[%emt 0:5:58] [#]} (48... Qc6 $16 )49. Rd1 $1 $18 Rd7 {[%emt 0:1:25] Wards off Qd8+} 50. Rb1 {[%emt 0:0:0] Qb8+ is the strong threat.} Rd8 {[%emt 0:0:38] Prevents Qb8+.} 51. Qg7+ (51. Qf6 c3 $16 )Rd7 52. Qb2 {[%emt 0:0:0] And now Qb8+ would win.} ({Not} 52. Qxg6 c3 $14 )Kc6 $2 (52... Rd6 53. Qb8+ Kd7 54. Rb7+ Ke6 55. Qg8+ Ke5 56. Re7+ Kd4 )53. Qb8 {[%emt 0:0:0] aiming for Qc8+.} Rd3 54. Qb7+ Kd6 55. Qxa6+ Ke7 56. Qxg6 {[%emt 0:0:0] White wants to mate with Rb7+.} Kd7 {[%emt 0:2:38] [#]} 57. a5 $1 Qd5 (57... Qd6 58. Qg4+ )58. Qg4+ Kd6 59. a6 c3 60. Rb6+ Ke5 61. Qg5+ Ke4 62. Qe7+ Qe5 63. Qh4+ Kf5 64. Qg4# {[%emt 0:0:6] Weighted Error Value: White=0.19 (very precise) /Black=0.36} 1-0

[Event "85th Tata Steel Masters 2023"]
[White "So,Wesley"]
[Black "Aronian,Levon"]
[Site "Wijk aan Zee"]
[Round "4.5"]
[Annotator "TA"]
[Result "1/2-1/2"]
[Date "2023.01.17"]
[WhiteElo "2760"]
[BlackElo "2735"]
[PlyCount "91"]
[TimeControl "60"]

1. c4 Nf6 2. Nc3 e5 3. Nf3 Nc6 4. g3 d5 5. cxd5 Nxd5 6. Bg2 Bc5 7. O-O O-O 8. d3 h6 9. Nxd5 {[%emt 0:0:38] A29: English Opening: Four Knights Variation with 4 g3.} Qxd5 10. b3 e4 11. dxe4 Qxe4 12. Bb2 {[%emt 0:0:7][%cal Yf3e5] Threatening Ne5!} Rd8 13. Qc1 Qb4 14. Bc3 {[%emt 0:12:50] [#]} Qa3 $146 ({Predecessor:} 14... Qb6 15. Qb2 Bf8 16. e3 a5 17. Rfd1 a4 18. Rxd8 Nxd8 19. Rd1 Nc6 20. Nd4 Nxd4 21. Rxd4 {½-½ Bobel,P (2331)-Cvak,R (2433) EU-ch 2020 sf13 email} )15. Qxa3 Bxa3 16. Rfd1 Be6 17. Nd2 Nd4 18. Bxd4 (18. Bxb7 $2 {loses.} Nxe2+ 19. Kg2 Nxc3 $19 )Rxd4 19. e3 Rd6 {[%emt 0:3:28] [#] ...Rad8 is the strong threat.} 20. Nc4 Bxc4 21. bxc4 c6 22. Rxd6 Bxd6 $11 {[%emt 0:0:8][%mdl 4096] Endgame KRB-KRB} 23. Rb1 Rb8 24. h4 Kf8 25. h5 Ke7 26. Kf1 Kd7 27. Ke2 Kc7 28. f4 Rd8 29. Rd1 Bb4 30. Rxd8 Kxd8 {[%emt 0:0:4] KB-KB} 31. g4 f6 32. Kd3 Ke7 33. Be4 Ba3 34. Bf5 Bc1 35. Bc8 b5 36. cxb5 cxb5 37. Ba6 b4 38. Kc4 (38. Kd4 $11 {is more appropriate.} )Bxe3 (38... f5 $1 $15 )39. Kxb4 (39. f5 $11 {feels stronger.} )Bxf4 (39... f5 $15 {deserves consideration.} 40. gxf5 Kf6 )40. Kc3 {[%emt 0:0:15] [#]} (40. Bc8 $11 )f5 $1 $15 41. Bc8 (41. gxf5 Kf6 )Be5+ 42. Kd3 f4 43. Ke4 Bb8 44. a4 a5 45. Ba6 g5 46. Kf3 {[%emt 0:1:15] Weighted Error Value: White=0.06 (flawless) /Black=0.06 (flawless)} 1/2-1/2

[Event "85th Tata Steel Masters 2023"]
[White "Keymer,Vincent"]
[Black "Erigaisi Arjun"]
[Site "Wijk aan Zee"]
[Round "4.6"]
[Annotator "TA"]
[Result "1/2-1/2"]
[Date "2023.01.17"]
[WhiteElo "2696"]
[BlackElo "2722"]
[PlyCount "90"]
[TimeControl "60"]

1. d4 d5 2. Nf3 Nf6 3. e3 c5 4. Be2 Nc6 5. c3 e6 {[%emt 0:0:42] The position is equal.} 6. O-O {[%emt 0:0:6] [#] D05: Colle System with ...e6.} h6 $146 ({Predecessor:} 6... Qc7 7. Nbd2 b6 8. b3 cxd4 9. cxd4 Bb7 10. Bb2 Bd6 11. Rc1 Rc8 12. Ne5 O-O 13. Bb5 Bxe5 14. dxe5 Qd7 15. exf6 {1-0 Keymer,V (2698)-Sevian,S (2687) MrDodgy Online Inv Finals 3rd blitz 2022 (1.8)} )7. a3 c4 8. a4 Bd6 9. b3 cxb3 10. Nbd2 (10. Ba3 {keeps more tension.} b2 11. Ra2 b6 12. Nbd2 )O-O (10... b6 {seems wilder.} 11. Ba3 b2 12. Ra2 Bxa3 13. Rxa3 O-O )11. Qxb3 (11. Ba3 {is more complex.} b2 12. Ra2 b6 13. Qb3 )Na5 12. Qa2 b6 13. Ba3 Bxa3 14. Qxa3 Bb7 15. Rfc1 Rc8 16. Ne5 Nd7 17. Nef3 Rc7 18. Qb4 Nb8 19. Rc2 Nbc6 20. Qb2 Ne7 21. Rac1 Qa8 22. h3 Rfc8 23. Qa3 Nf5 24. Qb4 Rd8 25. c4 dxc4 26. Nxc4 Nxc4 27. Rxc4 Rxc4 28. Rxc4 Ba6 29. Rc2 Bxe2 30. Rxe2 Qc6 31. a5 Nd6 32. Ne5 Qc7 33. axb6 axb6 34. Rb2 b5 35. Ra2 f6 36. Nd3 {[%emt 0:1:58] next Nc5 is good for White.} Qc4 {[%emt 0:1:0] Repels Nc5} 37. Qa5 Rc8 38. Nb4 {[%emt 0:5:58] [#] aiming for Rc2.} Qb3 {[%emt 0:2:36] Against Rc2} 39. Ra1 {[%emt 0:1:50] Prevents Rc1+.} Kh7 40. Qa3 Qxa3 41. Rxa3 Rc1+ 42. Kh2 Ne4 43. Nd3 b4 {[%emt 0:0:0][%mdl 64] [#] Deflection} 44. Nxb4 Nxf2 45. Nd3 Nxd3 {[%emt 0:0:0] An even fight not without its subleties.   Weighted Error Value: White=0.03 (flawless) /Black=0.01 (flawless)} 1/2-1/2

[Event "85th Tata Steel Masters 2023"]
[White "Van Foreest,Jorden"]
[Black "Gukesh D"]
[Site "Wijk aan Zee"]
[Round "4.7"]
[Annotator "TA"]
[Result "1/2-1/2"]
[Date "2023.01.17"]
[WhiteElo "2681"]
[BlackElo "2725"]
[PlyCount "64"]
[TimeControl "60"]

1. e4 c5 2. Nf3 Nc6 3. Nc3 e6 4. d4 cxd4 5. Nxd4 Nf6 6. Be2 d6 7. Qd3 Bd7 8. Bg5 a6 9. O-O-O h6 {[%emt 0:12:51] B62: Sicilian: Richter-Rauzer: 6...e6: Unusual White 7th moves.} 10. Nxc6 Bxc6 11. Bf4 Qa5 {[%emt 0:5:37] [#]} 12. Kb1 $146 ({Predecessor:} 12. Bf3 O-O-O 13. Kb1 Be7 14. Qd2 e5 15. Nd5 Qxd2 16. Nxe7+ Kd7 17. Bxd2 Kxe7 18. Rhe1 {½-½ Bernal Varela,N (2038)-Wosch,A (2218) FICGS rapid silver 000024 email 2010 (2)} )Rd8 13. Rhe1 Be7 14. Qg3 g5 ({Black should try} 14... Bxe4 $11 15. Qxg7 (15. Nxe4 Nxe4 16. Qf3 Qa4 $15 )Rg8 16. Qxh6 Bxg2 )15. Bd2 $1 $14 ({Don't play} 15. Bxd6 Bxd6 16. Rxd6 Rxd6 17. Qxd6 Nxe4 18. Qb8+ Qd8 $11 )Qc7 16. Bd3 Kd7 17. f3 Kc8 18. Qf2 Rhe8 19. Be3 Nd7 {[%emt 0:0:20] Repels Bb6} 20. Ne2 {[%emt 0:4:57] White is more active.} Nc5 21. Nd4 d5 22. Nxc6 Qxc6 23. exd5 (23. Bd4 {looks sharper.} Kb8 24. exd5 Nxd3 25. Ba7+ )Rxd5 24. Bc4 Rxd1+ 25. Rxd1 Rd8 (25... Na4 $5 26. Bb3 Nc5 $14 )26. Rxd8+ Kxd8 27. Be2 Qd5 28. a3 f5 29. Qe1 Nd7 {[%emt 0:0:43] [#]} 30. h4 $1 Bf6 31. hxg5 hxg5 32. Bc1 Nc5 {[%emt 0:3:55] Weighted Error Value: White=0.07 (flawless) /Black=0.08 (flawless)} 1/2-1/2